 Dungeon Crawl Stone Soup version 0.22-a0-587-g7d32d7c (console) character file.

212 vegansnacktivist the Chopper (level 5, -4/49 HPs)
             Began as a Deep Dwarf Fighter on July 4, 2018.
             Slain by an ogre
             ... wielding a +0 giant club
              (19 damage)
             ... on level 3 of the Dungeon.
             The game lasted 00:02:10 (1052 turns).

vegansnacktivist the Chopper (Deep Dwarf Fighter)   Turns: 1052, Time: 00:02:11

Health: -4/49      AC:  4    Str: 21    XL:     5   Next: 58%
Magic:  5/5        EV:  7    Int:  8    God:
Gold:   152        SH:  9    Dex: 12    Spells: 4/4 levels left

rFire    . . .     SeeInvis .   a - +0 war axe
rCold    . . .     Gourm    .   c - +0 shield
rNeg     . . .     Faith    .   b - +0 scale mail
rPois    .         Spirit   .   (no helmet)
rElec    .         Reflect  .   (no cloak)
rCorr    .         Harm     .   (no gloves)
MR       .....                  (no boots)
Stlth    ..........             (no amulet)
HPRegen  0.00/turn              (no ring)
MPRegen  0.09/turn              (no ring)

@: non-regenerating
A: damage resistance, heal wounds, hooves 1, deformed body, sense surroundings
1, evolution 1, no potion heal 1, no regeneration
a: Heal Wounds


You were on level 3 of the Dungeon.
You were not hungry.

You visited 1 branch of the dungeon, and saw 3 of its levels.

You collected 152 gold pieces.

Inventory:

Hand Weapons
 a - a +0 war axe (weapon)
Armour
 b - a +0 scale mail (worn)
 c - a +0 shield (worn)
Wands
 m - a wand of digging (9)
Scrolls
 g - a scroll of magic mapping {unknown}
 h - 2 scrolls of blinking {unknown}
 i - a scroll of remove curse {unknown}
 j - a scroll of identify {unknown}
 k - a scroll of immolation {unknown}
 l - 2 scrolls of amnesia {unknown}
 o - a scroll of enchant weapon {unknown}
Potions
 d - a potion of might
 e - a potion of berserk rage {unknown}
 n - 2 potions of ambrosia {unknown}
Comestibles
 f - 2 rations


   Skills:
 + Level 3.5 Fighting
 * Level 4.3 Axes
 + Level 4.2 Armour
 + Level 4.3 Shields


You had 4 spell levels left.
You didn't know any spells.
Your spell library was empty.

Dungeon Overview and Level Annotations

Branches:
Dungeon (3/15)

Altars:
Qazlal


Innate Abilities, Weirdness & Mutations

You are resistant to damage.
You can heal yourself by infusing magical energy.
You passively map a small area around you.
You do not regenerate.
You have large cloven feet.
Armour fits poorly on your strangely shaped body.
You evolve.
Potions are less effective at restoring your health.


Message History

You slash the worm! Your kick misses the worm.
The worm is heavily wounded.
The worm bites you but does no damage.
You slash the worm!
The worm is almost dead.
The worm bites you.
You barely miss the worm.
The worm is almost dead.
You hit the worm.
You kill the worm!
You slash the ogre!
The ogre is moderately wounded.
The ogre hits you with a giant club!!
You hit the ogre. You kick the ogre.
The ogre is heavily wounded.
The ogre hits you with a giant club!
You hit the ogre. Your kick misses the ogre.
The ogre is severely wounded.
You block the ogre's attack. The ogre hits you with a giant club!!
You die...

, ,
##......... *
_#..####+#.,
* *_ , ##..#
,*, * ##...#
* * #....#
#....# ,
#'##.## *
#.##..# ,
,#@###.###,
** #O#.....#
#.#.....#
#.#.....# *
#.#....##.#
#....###.##.#
** ###..
#.##.., *
#..###.##.#
*#.......#.#
*,


You could see an ogre.

Vanquished Creatures
  Sigmund (D:2)
  2 adders (D:2)
  4 worms
  A leopard gecko (D:2)
  An orc (D:3)
  5 bats
  A giant cockroach (D:3)
  5 goblins
  5 hobgoblins (D:2)
  2 jackals (D:2)
  2 frilled lizards (D:3)
  4 rats
33 creatures vanquished.

Notes
Turn   | Place    | Note
-------+----------+-------------------------------------------
     0 | D:1      | vegansnacktivist the Deep Dwarf Fighter began the quest for the Orb.
     0 | D:1      | Reached XP level 1. HP: 20/20 MP: 1/1
   337 | D:1      | You fall through a shaft!
   343 | D:2      | Reached XP level 2. HP: 27/27 MP: 2/2
   391 | D:2      | Reached XP level 3. HP: 25/33 MP: 3/3
   476 | D:2      | Found a stormy altar of Qazlal.
   585 | D:2      | Noticed Sigmund
   599 | D:2      | Gained mutation: You have large cloven feet. [potion of mutation]
   599 | D:2      | Gained mutation: Armour fits poorly on your strangely shaped body. [potion of mutation]
   599 | D:2      | Gained mutation: Potions are less effective at restoring your health. [potion of mutation]
   599 | D:2      | Gained mutation: You evolve. [potion of mutation]
   610 | D:2      | Killed Sigmund
   610 | D:2      | Reached XP level 4. HP: 35/42 MP: 4/4
   610 | D:2      | Reached XP level 5. HP: 40/49 MP: 5/5
  1041 | D:3      | Noticed an ogre
  1052 | D:3      | Slain by an ogre

Vault maps used:
D:1:      lightli_arrival_maybe_door_vault, serial_forest,
          infiniplex_forest_diagonal, infiniplex_forest_split,
          infiniplex_forest_lined_corner, infiniplex_forest_straight_1,
          infiniplex_forest_end_3, infiniplex_forest_straight_3,
          minmay_misc_feat_doors
D:2:      grunt_qazlal_clouds, uniq_sigmund
D:3:      chequers_temple_overflow_minitemple

Skill      XL: |  1  2  3 |
---------------+----------+-----
Axes           | 3 4 |  4.3
Fighting       | 3 |  3.5
Armour         | 4 |  4.2
Shields        | 4 |  4.3

Action                   |  1- 3 |  4- 6 || total
-------------------------+-------+-------++-------
Melee: War axe           |    78 |    23 ||   101
       Kick              |       |     8 ||     8
 Abil: Heal Wounds       |       |     1 ||     1
  Use: Potion            |     4 |       ||     4
  Eat: Chunk             |       |     1 ||     1
Armor: Scale mail        |    32 |     3 ||    35
       Skin              |     5 |       ||     5
Dodge: Dodged            |    19 |     4 ||    23
Block: Shield            |    38 |     7 ||    45

Table legend:
 A = Spawn XP
 B = Non-spawn XP
 C = Spawn XP percentage of total XP
 D = Spawn monster count
 E = Non-spawn monster count
 F = Spawn count percentage of total count
 G = Total turns spent on level
                    A         B        C        D         E        F      G
               +---------+---------+-------+---------+---------+-------+---------
         Total |       0 |     303 |   0.0 |       0 |      33 |   0.0 |  1052
               +---------+---------+-------+---------+---------+-------+---------
           D:1 |       0 |       8 |   0.0 |       0 |       5 |   0.0 |   337
           D:2 |       0 |     276 |   0.0 |       0 |      21 |   0.0 |   594
           D:3 |       0 |      19 |   0.0 |       0 |       7 |   0.0 |   121
               +---------+---------+-------+---------+---------+-------+---------
